Map: Agora mauve EC

Players

Manuc

  • Race: Zerg Zerg
  • League: Gold
  • Spawn Location: 5:00

Chepo - Winner!

  • Race: Zerg Zerg
  • League: Gold
  • Spawn Location: 11:00

VOD

Have the link to the VOD?

Description

Time

  • Played on: May 13, 2018, 12:14 a.m.
  • Length: 16:02
Show
View Real Time Build Order
Export as new Build Order

Manuc Zerg 

Build Orders: Hatch First 

Get SALT Encoding   

  12  0:01  Drone  
  13  0:21  Overlord  
  13  0:26  Drone  
  14  0:39  Drone x2  
  16  0:48  Drone  
  17  0:59  Drone  
  17  1:00  Hatchery  
  17  1:07  Drone, Extractor  
  17  1:20  Spawning Pool  
  17  1:23  Drone  
  17  1:37  Drone  
  18  1:42  Drone  
  19  1:49  Overlord  
  19  2:06  Queen  
  21  2:12  Zergling x4  
  23  2:17  Zergling x2  
  24  2:24  Baneling Nest  
  24  2:25  Drone  
  24  2:26  Drone  
  25  2:41  Drone x2, Spine Crawler  
  26  2:46  Drone x2  
  26  2:50  Metabolic Boost  
  28  2:55  Queen  
  30  3:11  Baneling x2  
  30  3:12  Drone x4  
  34  3:24  Roach Warren  
  34  3:26  Drone  
  35  3:27  Drone, Extractor  
  35  3:28  Drone  
  35  3:29  Drone  
  35  3:32  Overlord  
  36  3:51  Drone  
  36  3:55  Drone x4  
  41  3:56  Drone x3  
  41  3:59  Extractor  
  43  4:08  Overlord x3  
  43  4:22  Lair  
  43  4:27  Roach x4  
  51  4:44  Queen  
  53  4:50  Drone x3, Hatchery  
  53  4:51  Drone x2  
  57  4:57  Zergling x4  
  57  4:58  Zergling x2  
  60  5:07  Baneling x3  
  60  5:20  Evolution Chamber  
  59  5:25  Roach x4  
  59  5:27  Evolution Chamber  
  66  5:37  Glial Reconstitution  
  66  5:39  Centrifical Hooks  
  66  6:06  Zerg Missile Weapons Level 1, Zerg Ground Armor Level 1  
  66  6:23  Drone x2  
  68  6:27  Overlord x3  
  68  6:36  Baneling x3  
  68  6:37  Baneling  
  68  6:46  Extractor  
  67  6:49  Drone x2  
  70  6:54  Drone x2  
  70  6:55  Drone x9  
  58  7:23  Roach x5  
  58  7:24  Roach x9  
  86  7:43  Hydralisk Den, Overlord x2  
  85  7:48  Zergling x2  
  85  7:49  Zergling x8  
  90  8:01  Extractor  
  90  8:04  Zergling x12  
  90  8:05  Zergling x12  
  101  8:11  Baneling x4  
  101  8:12  Baneling x4  
  101  8:16  Drone x3  
  101  8:18  Overlord  
  104  8:25  Zerg Missile Weapons Level 2, Zerg Ground Armor Level 2  
  104  8:30  Muscular Augments  
  104  8:31  Hydralisk  
  104  8:33  Overlord  
  104  8:34  Overlord x2  
  106  8:48  Hatchery  
  105  8:49  Extractor  
  105  8:53  Hydralisk  
  105  8:54  Hydralisk x5  
  105  8:55  Hydralisk x2  
  120  9:14  Drone  
  120  9:15  Drone x3  
  124  9:22  Drone x7  
  131  9:29  Hydralisk x2  
  135  9:41  Grooved Spines  
  135  9:57  Hydralisk  
  137  10:01  Overlord x3  
  137  10:25  Hatchery  
  136  10:35  Hydralisk  
  131  10:36  Hydralisk x11  
  141  11:07  Spore Crawler x2  
  141  11:08  Spore Crawler  
  135  11:32  Drone  
  135  11:33  Drone x10  
  135  11:39  Queen  
  139  11:59  Zergling x2  
  139  12:00  Zergling x12  
  132  12:07  Roach  
  132  12:08  Roach x2  
  108  12:14  Queen  
  94  12:29  Zergling x4  
  98  12:30  Zergling x8  
  96  12:53  Zergling x4, Roach x6  
  96  12:54  Zergling x4  
  103  13:49  Zergling x2  
  103  13:50  Zergling x26  
  92  13:58  Roach x5  
  92  13:59  Roach  
  83  14:12  Zergling x2  
  83  14:13  Zergling x6  
  74  14:41  Zergling x2  
  74  14:42  Zergling x22  
  73  14:50  Zergling x2  
  73  14:51  Zergling x8  
  70  14:58  Zergling x2  
  58  15:02  Zergling x2  
  58  15:03  Zergling x20  
  53  15:15  Spine Crawler  
  53  15:18  Spine Crawler  
  50  15:21  Spine Crawler  
  50  15:23  Zergling x10  
  50  15:26  Spine Crawler x2  
  50  15:27  Spine Crawler  
  38  15:40  Zergling x12  
  38  15:41  Zergling x4  
Show
View Real Time Build Order
Export as new Build Order

Chepo Zerg - Winner!

Build Orders: Hatch First 

Get SALT Encoding   

  12  0:01  Drone  
  13  0:13  Overlord  
  13  0:22  Drone  
  13  0:26  Drone, Extractor  
  15  0:33  Drone  
  16  0:42  Drone  
  17  0:58  Hatchery  
  17  1:02  Drone x2  
  18  1:13  Drone  
  18  1:17  Extractor  
  18  1:25  Spawning Pool  
  17  1:32  Drone x2  
  19  1:42  Drone  
  20  1:56  Drone  
  21  2:14  Drone x3  
  21  2:15  Queen  
  26  2:17  Queen  
  26  2:21  Overlord  
  28  2:24  Metabolic Boost  
  28  2:47  Drone x5  
  33  3:02  Hatchery  
  32  3:08  Extractor  
  31  3:18  Drone x5  
  36  3:26  Roach Warren  
  35  3:33  Lair  
  35  3:39  Drone  
  36  3:43  Overlord  
  36  3:44  Overlord  
  36  4:04  Evolution Chamber  
  36  4:06  Evolution Chamber, Drone x3  
  36  4:07  Drone x5  
  36  4:09  Queen  
  44  4:18  Queen  
  44  4:20  Drone x2  
  48  4:28  Extractor  
  48  4:30  Extractor  
  46  4:33  Zergling x2  
  46  4:34  Zergling x12  
  53  4:38  Drone x2  
  53  4:45  Pneumatized Carapace  
  55  4:59  Drone x3  
  58  5:01  Overlord x2  
  58  5:02  Overlord  
  58  5:24  Drone x14  
  58  5:28  Extractor  
  71  5:29  Extractor  
  70  5:38  Overlord  
  70  5:39  Overlord  
  70  5:59  Roach x8  
  70  6:00  Roach x4  
  70  6:03  Zerg Ground Armor Level 1  
  94  6:04  Zerg Missile Weapons Level 1  
  94  6:35  Overlord x3  
  94  6:36  Overlord  
  94  6:40  Overlord x3  
  94  6:57  Drone x5  
  94  6:59  Hatchery  
  94  7:01  Roach x5  
  106  7:32  Spire  
  105  8:21  Zerg Ground Armor Level 2  
  105  8:22  Zerg Missile Weapons Level 2  
  105  8:23  Infestation Pit  
  104  8:39  Drone x22  
  104  8:40  Drone  
  127  8:43  Queen  
  129  8:53  Mutalisk  
  129  8:54  Mutalisk x10  
  151  9:15  Extractor  
  151  9:16  Extractor  
  149  9:18  Overlord x2  
  149  9:19  Overlord x2  
  149  9:30  Hive  
  149  9:44  Overlord x3  
  149  10:33  Hatchery  
  148  10:38  Zerg Melee Weapons Level 1  
  142  11:25  Roach  
  132  11:26  Roach x23  
  132  11:27  Roach x10  
  198  11:39  Zerg Ground Armor Level 3  
  198  11:47  Ultralisk Cavern  
  158  12:05  Zergling x12  
  158  12:06  Zergling x16  
  87  12:32  Zerg Missile Weapons Level 3, Zergling x2  
  87  12:33  Zergling x22  
  91  12:47  Zergling x2  
  91  12:48  Zergling x10  
  81  13:05  Ultralisk  
  79  13:06  Ultralisk x5  
  79  13:08  Zergling x2  
  79  13:09  Zergling x6  
  89  13:53  Chitinous Plating  
  80  14:00  Ultralisk x10  
  127  14:16  Ultralisk  
  127  14:17  Spawning Pool  
  124  15:12  Ultralisk x2  
  136  15:29  Zergling x18  
  136  15:30  Zergling x4  
Tags
 
Add a new tag
Caveats
  • Supply blocks, unpowered buildings, or Contaminate may cause inaccurate times.
  • Supply counts are checked every 10 seconds.